Description

Check out the real guide for more specifics on the build:

https://sc2swarm.com/2017/12/01/15-hatch-mass-speedling-all-in-defense-zvz/

SC2 Swarms Discord:

https://discord.gg/ry2mjx4

Replay - SC2 Swarm 15 hatch

Build Order

Why is there no SALT encoding or Overwolf build?

  12  0:01  Drone  
  13  0:10  Drone  
  14  0:16  Extractor Extractor Trick  
  14  0:17  Drone  
  15  0:39  Hatchery  
  14  0:44  Extractor, Drone Saturate, pull drones @ 100 gas  
  14  0:59  Spawning Pool  
  14  1:03  Drone  
  14  1:13  Overlord  
  14  1:32  Drone  
  15  1:48  Zergling x4  
  15  1:50  Queen  
  15  1:51  Metabolic Boost  
  15    Zergling Continue with Zergling production  
Spawning Tool Build Advisor. Get it on Overwolf

Analysis

Check out the real guide for more specifics on the build:

https://sc2swarm.com/2017/12/01/15-hatch-mass-speedling-all-in-defense-zvz/

SC2 Swarms Discord:

https://discord.gg/ry2mjx4

Go to:

Details

  • Created by: Siaff
  • Published on: Apr 20, 2019
  • Modified on: Apr 21, 2019
  • Patch: 4.7.1
Show

Export as new Build Order

Comments (0)

There are no comments. Be the first!

Create an account to comment!